General information
- name: BNet
- type: Ladder team game (AT/RT)
- host: Battle.net
- saver: DotaTheHedgehog
map: GolemsInTheMist
- players: 8
- length: 22:58
- speed: Fast
- version: 1.26 W3XP
- replay type: Public
» download(170 KB)
Players
team 1 (loser)
alessman227 (
orange | 38 APM | 678 actions | 17:40)
4 Blood Mage
2 Flame Strike
2 Siphon Mana
» actions
| Basic commands | 15 | |
| Build / train | 80 | |
| Enter build submenu | 20 | |
| Enter hero's abilities submenu | 4 | |
| Right click | 224 | |
| Select / deselect | 263 | |
| Use ability | 72 | |
678 total
» units
| Peasant | 11 | |
| Footman | 12 | |
| Mortar Team | 20 | |
| Flying Machine | 14 | |
57 total
» upgrades
| Defend | 1 | |
| Flak Cannons | 1 | |
| Gunpowder | 1 | |
3 total
» buildings
| Farm | 10 | |
| Altar of Kings | 1 | |
| Barracks | 1 | |
| Scout Tower | 1 | |
| Arcane Tower | 1 | |
| Arcane Vault | 1 | |
| Lumber Mill | 1 | |
| Keep | 1 | |
| Town Hall | 1 | |
| Blacksmith | 1 | |
| Castle | 1 | |
| Workshop | 2 | |
22 total
» build order
00:21 Farm
00:42 Altar of Kings
00:53 Barracks
00:59 Farm
01:37 Farm
01:49 Scout Tower
02:16 Arcane Tower
02:21 Farm
02:43 Arcane Vault
03:02 Farm
03:53 Lumber Mill
05:13 Keep
05:52 Town Hall
07:29 Blacksmith
07:35 Castle
09:08 Workshop
10:11 Workshop
10:13 Farm
10:58 Farm
13:39 Farm
14:24 Farm
15:50 Farm
» items
| Lesser Clarity Potion | 4 | |
| Potion of Healing | 6 | |
| Potion of Mana | 1 | |
| Scroll of Town Portal | 1 | |
12 total

»
sweexcandy (
yellow | 81 APM | 1144 actions | 14:08)
3 Tauren Chieftain
1 War Stomp
2 Endurance Aura
1 Shadow Hunter
1 Hex
» actions
| Assign group hotkey | 13 | |
| Basic commands | 37 | |
| Build / train | 43 | |
| Enter build submenu | 14 | |
| Enter hero's abilities submenu | 4 | |
| Give item / drop item | 1 | |
| Right click | 231 | |
| Select / deselect | 174 | |
| Select group hotkey | 565 | |
| Use ability | 62 | |
1144 total
» units
| Peon | 8 | |
| Grunt | 2 | |
| Troll Headhunter/Berserker | 9 | |
| Shaman | 1 | |
20 total
» upgrades
| Armor | 2 | |
| Ranged Weapons | 2 | |
| Troll Regeneration | 1 | |
| Shaman Training | 2 | |
| Berserker Upgrade | 1 | |
| Witch Doctor Training | 1 | |
9 total
» buildings
| Altar of Storms | 1 | |
| Orc Burrow | 6 | |
| Barracks | 1 | |
| War Mill | 1 | |
| Voodoo Lounge | 1 | |
| Stronghold | 1 | |
| Spirit Lodge | 2 | |
| Fortress | 1 | |
| Watch Tower | 1 | |
15 total
» build order
00:09 Altar of Storms
00:16 Orc Burrow
00:41 Barracks
01:35 War Mill
01:41 Orc Burrow
02:45 Voodoo Lounge
03:26 Orc Burrow
04:35 Stronghold
06:23 Orc Burrow
07:22 Spirit Lodge
07:56 Fortress
09:31 Spirit Lodge
11:54 Orc Burrow
12:06 Orc Burrow
12:25 Watch Tower
» items
| Healing Salve | 1 | |
| Scroll of Speed | 1 | |
| Scroll of Town Portal | 2 | |
| Orb of Lightning | 2 | |
6 total
Opex (
green | 40 APM | 793 actions | 19:42)
5 Demon Hunter
3 Mana Burn
2 Evasion
» actions
| Assign group hotkey | 24 | |
| Basic commands | 27 | |
| Build / train | 55 | |
| Enter build submenu | 21 | |
| Enter hero's abilities submenu | 6 | |
| Right click | 340 | |
| Select / deselect | 146 | |
| Select group hotkey | 107 | |
| Use ability | 67 | |
793 total
» units
| Wisp | 14 | |
| Archer | 13 | |
| Goblin Shredder | 1 | |
| Hippogryph | 4 | |
32 total
» upgrades
| Improved Bows | 1 | |
| Marksmanship | 1 | |
| Hippogryph Taming | 1 | |
| Strength of the Moon | 3 | |
| Moon Armor | 1 | |
| Well Spring | 1 | |
| Ultravision | 1 | |
9 total
» buildings
| Altar of Elders | 1 | |
| Moon Well | 11 | |
| Ancient of War | 1 | |
| Hunter's Hall | 1 | |
| Tree of Ages | 1 | |
| Ancient of Wonders | 2 | |
| Tree of Eternity | 1 | |
| Ancient of Wind | 4 | |
| Ancient Protector | 5 | |
| Chimaera Roost | 2 | |
29 total
» build order
00:12 Altar of Elders
00:19 Moon Well
00:45 Ancient of War
01:32 Moon Well
03:04 Hunter's Hall
03:44 Tree of Ages
03:49 Moon Well
04:08 Ancient of Wonders
06:50 Tree of Eternity
06:54 Ancient of Wind
06:56 Ancient of Wind
07:01 Ancient of Wind
07:03 Ancient of Wind
07:10 Moon Well
08:02 Ancient Protector
08:06 Ancient Protector
09:33 Ancient Protector
09:37 Ancient Protector
12:37 Chimaera Roost
12:42 Chimaera Roost
15:01 Ancient Protector
16:00 Ancient of Wonders
16:18 Moon Well
16:18 Moon Well
16:19 Moon Well
16:20 Moon Well
16:20 Moon Well
16:21 Moon Well
16:22 Moon Well
» items
| Moonstone | 1 | |
| Orb of Venom | 1 | |
| Potion of Healing | 1 | |
| Scroll of Town Portal | 2 | |
5 total

»
panic-attacker (
blue | 31 APM | 720 actions | 22:57)
3 Archmage
2 Summon Water Elemental
1 Brilliance Aura
1 Mountain King
1 Storm Bolt
» actions
| Assign group hotkey | 16 | |
| Basic commands | 2 | |
| Build / train | 52 | |
| Enter build submenu | 19 | |
| Enter hero's abilities submenu | 4 | |
| Remove unit from queue | 4 | |
| Right click | 190 | |
| Select / deselect | 249 | |
| Select group hotkey | 145 | |
| Use ability | 39 | |
720 total
» units
| Peasant | 11 | |
| Footman | 11 | |
| Dragonhawk Rider | 1 | |
| Gryphon Rider | 15 | |
38 total
» upgrades
| Defend | 1 | |
| Lumber Harvesting | 1 | |
2 total
» buildings
| Altar of Kings | 1 | |
| Farm | 12 | |
| Barracks | 1 | |
| Arcane Vault | 1 | |
| Lumber Mill | 1 | |
| Keep | 1 | |
| Blacksmith | 1 | |
| Castle | 1 | |
| Gryphon Aviary | 2 | |
21 total
» build order
00:10 Altar of Kings
00:16 Farm
01:02 Barracks
01:20 Farm
02:02 Farm
02:08 Arcane Vault
02:45 Farm
03:36 Farm
03:47 Lumber Mill
04:25 Farm
05:38 Farm
05:40 Keep
06:29 Farm
06:33 Blacksmith
09:07 Castle
09:12 Farm
09:15 Gryphon Aviary
09:18 Gryphon Aviary
10:13 Farm
11:10 Farm
14:15 Farm
team 2 (winner)
BarstoolSports (
red | 63 APM | 1448 actions | 22:57)
6 Death Knight
3 Death Coil
2 Unholy Aura
1 Animate Dead
4 Lich
2 Frost Nova
2 Frost Armor
» actions
| Assign group hotkey | 31 | |
| Basic commands | 27 | |
| Build / train | 75 | |
| Enter build submenu | 11 | |
| Enter hero's abilities submenu | 10 | |
| Right click | 588 | |
| Select / deselect | 216 | |
| Select group hotkey | 388 | |
| Use ability | 102 | |
1448 total
» units
| Acolyte | 2 | |
| Ghoul | 8 | |
| Crypt Fiend | 13 | |
| Obsidian Statue | 6 | |
29 total
» upgrades
| Creature Attack | 3 | |
| Creature Carapace | 2 | |
| Web | 1 | |
| Destroyer Form | 1 | |
| Ghoul Frenzy | 1 | |
8 total
» buildings
| Graveyard | 1 | |
| Crypt | 1 | |
| Ziggurat | 9 | |
| Altar of Darkness | 1 | |
| Tomb of Relics | 1 | |
| Halls of the Dead | 2 | |
| Spirit Tower | 4 | |
| Slaughterhouse | 1 | |
| Black Citadel | 1 | |
21 total
» build order
00:32 Graveyard
00:36 Crypt
00:39 Ziggurat
01:05 Altar of Darkness
01:17 Ziggurat
01:29 Tomb of Relics
03:56 Halls of the Dead
03:56 Halls of the Dead
04:37 Ziggurat
05:28 Spirit Tower
05:30 Spirit Tower
08:30 Ziggurat
09:25 Slaughterhouse
10:23 Spirit Tower
13:55 Black Citadel
14:33 Ziggurat
14:33 Ziggurat
21:44 Ziggurat
21:46 Ziggurat
21:46 Ziggurat
22:55 Spirit Tower
» items
| Rod of Necromancy | 1 | |
| Potion of Healing | 6 | |
| Lesser Clarity Potion | 2 | |
| Potion of Mana | 3 | |
| Scroll of Town Portal | 2 | |
| Orb of Corruption | 1 | |
15 total
DotaTheHedgehog (
purple | 143 APM | 3291 actions | 22:58)
5 Archmage
3 Summon Water Elemental
2 Brilliance Aura
» actions
| Assign group hotkey | 183 | |
| Basic commands | 228 | |
| Build / train | 96 | |
| ESC pressed | 8 | |
| Enter build submenu | 49 | |
| Enter hero's abilities submenu | 5 | |
| Give item / drop item | 1 | |
| Right click | 1338 | |
| Select / deselect | 725 | |
| Select group hotkey | 492 | |
| Use ability | 166 | |
3291 total
» units
| Peasant | 32 | |
| Footman | 8 | |
| Goblin Zeppelin | 2 | |
| Goblin Shredder | 1 | |
| Flying Machine | 6 | |
| Sorceress | 2 | |
| Priest | 2 | |
| Rifleman | 5 | |
58 total
» upgrades
| Defend | 1 | |
| Masonry | 1 | |
| Sorceress Training | 1 | |
| Priest Training | 1 | |
| Magic Sentry | 1 | |
| Swords | 2 | |
| Gunpowder | 2 | |
| Plating | 2 | |
| Armor | 2 | |
13 total
» buildings
| Lumber Mill | 1 | |
| Barracks | 4 | |
| Farm | 14 | |
| Altar of Kings | 2 | |
| Keep | 2 | |
| Scout Tower | 26 | |
| Guard Tower | 11 | |
| Blacksmith | 3 | |
| Arcane Sanctum | 3 | |
| Town Hall | 3 | |
| Castle | 3 | |
| Arcane Vault | 1 | |
| Workshop | 3 | |
| Arcane Tower | 2 | |
78 total
» build order
00:26 Lumber Mill
00:50 Barracks
01:05 Farm
01:08 Farm
01:34 Altar of Kings
01:39 Altar of Kings
01:42 Farm
02:15 Farm
03:34 Farm
04:18 Farm
05:16 Keep
05:29 Scout Tower
05:31 Scout Tower
06:07 Guard Tower
06:27 Guard Tower
06:42 Farm
06:43 Farm
06:44 Farm
06:50 Farm
06:54 Farm
06:56 Farm
09:03 Farm
09:10 Blacksmith
09:23 Arcane Sanctum
09:24 Arcane Sanctum
09:24 Arcane Sanctum
09:40 Scout Tower
09:40 Scout Tower
09:42 Scout Tower
10:07 Town Hall
10:11 Guard Tower
10:15 Scout Tower
10:15 Scout Tower
10:16 Scout Tower
10:16 Scout Tower
11:22 Farm
12:09 Blacksmith
12:09 Blacksmith
12:17 Guard Tower
13:01 Castle
13:01 Castle
13:11 Arcane Vault
13:13 Workshop
13:13 Workshop
13:13 Workshop
13:51 Scout Tower
13:51 Scout Tower
14:09 Town Hall
14:26 Guard Tower
15:43 Guard Tower
17:39 Scout Tower
17:40 Scout Tower
17:40 Scout Tower
18:00 Scout Tower
18:01 Scout Tower
18:01 Scout Tower
18:01 Scout Tower
18:02 Scout Tower
18:04 Scout Tower
18:04 Scout Tower
18:04 Scout Tower
18:06 Town Hall
18:08 Guard Tower
18:33 Guard Tower
18:33 Guard Tower
18:44 Keep
18:57 Arcane Tower
18:57 Arcane Tower
18:58 Guard Tower
19:19 Guard Tower
20:11 Barracks
20:11 Barracks
20:11 Barracks
WVUMountaineer (
pink | 55 APM | 1256 actions | 22:57)
5 Keeper of the Grove
2 Force of Nature
3 Entangling Roots
4 Demon Hunter
2 Mana Burn
2 Immolation
» actions
| Assign group hotkey | 16 | |
| Build / train | 93 | |
| Enter build submenu | 21 | |
| Enter hero's abilities submenu | 9 | |
| Give item / drop item | 4 | |
| Right click | 504 | |
| Select / deselect | 315 | |
| Select group hotkey | 214 | |
| Use ability | 80 | |
1256 total
» units
| Wisp | 23 | |
| Archer | 3 | |
| Goblin Shredder | 1 | |
| Chimaera | 13 | |
40 total
» upgrades
| Corrosive Breath | 1 | |
| Strength of the Wild | 3 | |
| Nature's Blessing | 1 | |
| Reinforced Hides | 2 | |
| Well Spring | 1 | |
8 total
» buildings
| Altar of Elders | 2 | |
| Moon Well | 8 | |
| Ancient of War | 1 | |
| Ancient of Wonders | 1 | |
| Tree of Ages | 2 | |
| Tree of Life | 2 | |
| Tree of Eternity | 1 | |
| Ancient of Wind | 2 | |
| Chimaera Roost | 4 | |
| Hunter's Hall | 1 | |
24 total
» build order
00:04 Altar of Elders
00:08 Moon Well
00:10 Altar of Elders
00:13 Moon Well
01:14 Ancient of War
01:28 Moon Well
01:40 Ancient of Wonders
02:33 Tree of Ages
02:33 Tree of Ages
03:14 Moon Well
04:06 Tree of Life
04:56 Tree of Eternity
05:32 Ancient of Wind
06:56 Ancient of Wind
08:03 Chimaera Roost
08:05 Chimaera Roost
08:06 Chimaera Roost
08:14 Chimaera Roost
10:08 Moon Well
11:27 Moon Well
12:22 Hunter's Hall
14:22 Moon Well
14:32 Moon Well
16:22 Tree of Life
» items
| Lesser Clarity Potion | 7 | |
| Potion of Healing | 6 | |
| Potion of Mana | 1 | |
| Orb of Venom | 4 | |
| Anti-magic Potion | 2 | |
| Moonstone | 3 | |
| Scroll of Town Portal | 4 | |
| Dust of Appearance | 1 | |
28 total

»
applesRyummy (
teal | 63 APM | 1449 actions | 22:57)
2 Demon Hunter
1 Mana Burn
1 Immolation
5 Warden
3 Fan of Knives
1 Blink
1 Shadow Strike
» actions
| Basic commands | 86 | |
| Build / train | 103 | |
| ESC pressed | 1 | |
| Enter build submenu | 29 | |
| Enter hero's abilities submenu | 7 | |
| Remove unit from queue | 2 | |
| Right click | 734 | |
| Select / deselect | 429 | |
| Use ability | 58 | |
1449 total
» units
| Wisp | 40 | |
| Huntress | 6 | |
| Dryad | 24 | |
| Chimaera | 8 | |
78 total
» upgrades
| Abolish Magic | 1 | |
| Strength of the Wild | 3 | |
| Reinforced Hides | 2 | |
| Corrosive Breath | 1 | |
| Strength of the Moon | 1 | |
| Moon Armor | 1 | |
9 total
» buildings
| Moon Well | 8 | |
| Altar of Elders | 1 | |
| Ancient of War | 1 | |
| Hunter's Hall | 2 | |
| Tree of Ages | 3 | |
| Ancient of Wonders | 2 | |
| Tree of Eternity | 1 | |
| Ancient of Lore | 4 | |
| Ancient of Wind | 2 | |
| Tree of Life | 1 | |
| Chimaera Roost | 3 | |
| Ancient Protector | 3 | |
31 total
» build order
00:07 Moon Well
00:26 Altar of Elders
01:05 Ancient of War
01:38 Moon Well
02:10 Hunter's Hall
02:58 Moon Well
03:06 Tree of Ages
03:06 Tree of Ages
04:12 Ancient of Wonders
05:34 Tree of Eternity
05:42 Ancient of Lore
09:14 Ancient of Wind
09:18 Tree of Life
09:47 Moon Well
10:39 Chimaera Roost
10:46 Chimaera Roost
11:02 Moon Well
12:35 Ancient of Lore
14:20 Ancient Protector
14:26 Ancient Protector
14:30 Ancient Protector
14:49 Ancient of Wonders
15:05 Ancient of Lore
16:06 Chimaera Roost
16:10 Ancient of Lore
17:00 Moon Well
19:18 Moon Well
19:20 Moon Well
20:04 Hunter's Hall
20:10 Ancient of Wind
» items
Chat log
(02:50 / Allies) DotaTheHedgehog: he's expanding
(03:18 / Allies) DotaTheHedgehog: so you guys go ahead and do the same
(04:30 / Allies) DotaTheHedgehog: there first
(04:33 / Allies) DotaTheHedgehog: if you need help with the mine i can help
(05:02 / Allies) DotaTheHedgehog: gave you claws
(05:06 / Allies) DotaTheHedgehog: oh shit sorry
(05:06 / Allies) DotaTheHedgehog: sorry
(05:22 / Allies) DotaTheHedgehog: okay they're all north
(05:23 / Allies) DotaTheHedgehog: tower up
(05:39 / Allies) BarstoolSports: care
(05:40 / Allies) DotaTheHedgehog: coming from the flank
(06:12 / Allies) DotaTheHedgehog: if you need to portal to my base
(06:16 / Allies) DotaTheHedgehog: portal to the front
(06:17 / Allies) DotaTheHedgehog: back is blocked
(07:10 / Allies) DotaTheHedgehog: will clear while they jockey
(07:45 / Allies) DotaTheHedgehog: going
(08:37 / Allies) DotaTheHedgehog: nice job
(08:45 / Allies) DotaTheHedgehog: gonna fuck orange over big
(09:44 / All) DotaTheHedgehog: hello
(10:17 / Allies) DotaTheHedgehog: ty sorry was busy
(10:58 / Allies) DotaTheHedgehog: bang on em
(11:28 / All) BarstoolSports: lmao
(12:14 / Allies) DotaTheHedgehog: going gyro
(12:46 / Allies) BarstoolSports: rppae
(12:59 / Allies) BarstoolSports: main!!!!
(13:05 / Allies) DotaTheHedgehog: get main and then someone help teal
(13:23 / All) sweexcandy: gg
(13:25 / All) sweexcandy: well played
(13:27 / All) DotaTheHedgehog: gg
(13:32 / All) BarstoolSports: lmao
(13:34 / All) BarstoolSports: blue!
(13:42 / Allies) DotaTheHedgehog: lumber plz
(14:01 / Allies) DotaTheHedgehog: thank yoooo
(15:15 / Allies) DotaTheHedgehog: just keep going lol
(15:58 / Allies) DotaTheHedgehog: lol
(16:20 / Allies) DotaTheHedgehog: okay no flak
(16:23 / Allies) DotaTheHedgehog: but i should be fine as is
(17:13 / All) BarstoolSports: leave?
(17:23 / Allies) DotaTheHedgehog: please no
(17:25 / Allies) DotaTheHedgehog: im having too much fun
(17:26 / Allies) DotaTheHedgehog: lol
(17:33 / All) BarstoolSports: this is rape
(17:53 / Allies) DotaTheHedgehog: i want a bonus for the best move of the night
(17:54 / All) BarstoolSports: run nigga run
(18:17 / All) BarstoolSports: noob chase
(18:56 / All) BarstoolSports: nice base fags
(19:03 / Allies) DotaTheHedgehog: be nice
(19:30 / Allies) DotaTheHedgehog: yeah i can't do much more aa
(19:31 / Allies) DotaTheHedgehog: so
(19:33 / Allies) DotaTheHedgehog: you guys gotta handle it
(19:42 / Allies) BarstoolSports: y
(19:48 / Allies) DotaTheHedgehog: need castle/keep[
(19:53 / Allies) DotaTheHedgehog: getting it back
(22:35 / All) DotaTheHedgehog: you know
(22:38 / All) DotaTheHedgehog: you wouldn't have had to go afk
(22:40 / All) DotaTheHedgehog: if you had won
(22:42 / All) DotaTheHedgehog: or played better